 Dungeon Crawl Stone Soup version 0.27-a0-1202-ge72e49191c (webtiles) character file.

Game seed: 13026970765144772811

9 rlgrobin the Ducker (level 2, -1/21 HPs)
             Began as a Djinni Hedge Wizard on June 3, 2021.
             Slain by a jackal (2 damage)
             ... on level 1 of the Dungeon.
             The game lasted 00:05:32 (1148 turns).

rlgrobin the Ducker (Djinni Hedge Wizard)           Turns: 1148, Time: 00:05:32

Health: -1/21      AC:  6    Str:  9    XL:     2   Next: 20%
Gold:   33         EV: 12    Int: 15    God:
                   SH:  0    Dex: 12

rFire    + + .     SeeInvis .   a - +0 dagger
rCold    x . .     Faith    .   (no shield)
rNeg     . . .     Spirit   .   b - +0 robe
rPois    ∞         Reflect  .   c - +0 hat
rElec    .         Harm     .   (no cloak)
rCorr    .         Rampage  .   (no gloves)
Will     .....                  (boots unavailable)
Stlth    ++........             (no amulet)
HPRegen  0.07/turn              e - +4 ring of protection
MPRegen  0.00/turn              (no ring)

@: flying, very slightly contaminated
A: sickness immunity, fire resistance 2, cold vulnerability 1, float, innate
caster, hp casting, extra vitality 1
a: no special abilities


You were on level 1 of the Dungeon.
You visited 1 branch of the dungeon, and saw 1 of its levels.

You collected 33 gold pieces.

Inventory:

Hand Weapons
 a - a +0 dagger (weapon)
Armour
 b - a +0 robe (worn)
 c - a +0 hat (worn)
Jewellery
 e - a +4 ring of protection (left hand)
Potions
 d - a potion of curing


   Skills:
 + Level 0.2 Fighting
 + Level 0.5 Short Blades
 + Level 2.6 Dodging
 + Level 1.7 Stealth
 - Level 2.4 Spellcasting


You couldn't memorise any spells.
You knew the following spells:

 Your Spells              Type           Power      Damage    Failure   Level
a - Magic Dart            Conj           36%        1d4       8%          1
b - Blink                 Tloc           N/A        N/A       12%         2
c - Call Imp              Summ           9%         N/A       12%         2
d - Slow                  Hex            9%         N/A       12%         2
e - Conjure Flame         Conj/Fire      9%         6-21      24%         3
f - Mephitic Cloud        Conj/Pois/Air  9%         N/A       24%         3
Your spell library was empty.

Dungeon Overview and Level Annotations

Branches:
Dungeon (1/15)

Altars:
Trog


Innate Abilities, Weirdness & Mutations

You are immune to sickness and miasma.
You are immune to poison.
Your flesh is very heat resistant. (rF++)
You are vulnerable to cold. (rC-)
You float through the air rather than walking.
You learn spells naturally, not from books.
Your magical power is your life essence.
You have superior vitality. (+4 HP)


Message History

The shaft crumbles and collapses.
The jackal bites you but does no damage.
The jackal barely misses you. The jackal closely misses you.
The jackal bites you but does no damage.
The jackal barely misses you. The jackal completely misses you.
The jackal barely misses you. The jackal barely misses you.
The jackal bites you but does no damage.
The jackal bites you.
There is a bloodstained altar of Trog here.
The jackal bites you but does no damage.
The jackal bites you.
The jackal bites you but does no damage.
The jackal bites you but does no damage. x2
The jackal barely misses you. The jackal closely misses you.
The jackal bites you. The jackal bites you.
* * * LOW HITPOINT WARNING * * *
The jackal bites you but does no damage.
Sorry, you're not good enough to have a special ability.
Casting: Blink (safe; 12% risk of failure)
Confirm with . or Enter, or press ? or * to list all spells.
You miscast Blink.
You are very lightly contaminated with residual magic.
Nothing appears to happen.
* * * LOW HITPOINT WARNING * * *
Casting: Blink (safe; 12% risk of failure)
Confirm with . or Enter, or press ? or * to list all spells.
You don't know that spell.
The jackal misses you. The jackal barely misses you.
Casting: Blink (safe; 12% risk of failure)
Confirm with . or Enter, or press ? or * to list all spells.
You blink.
* * * LOW HITPOINT WARNING * * *
The jackal bites you but does no damage.
The jackal bites you but does no damage.
The jackal barely misses you. The jackal bites you.
You die...

..........# ##.## .#
..........# ##.## .#
..........# #...# .#
..........## ##.##
....<.....8# ##.##
..........## #...#
..........# ##.##
..........# #.hh###
..........######@..#
..........##.......#
####'#######.####.##
#.#######.# #...
#.........# #####
###########


You could see 2 jackals.

Vanquished Creatures
  2 endoplasms (D:1)
  A giant cockroach (D:1)
  2 goblins (D:1)
  A jackal (D:1)
  A ball python (D:1)
7 creatures vanquished.

Notes
Turn   | Place    | Note
-------+----------+-------------------------------------------
     0 | D:1      | rlgrobin the Djinni Hedge Wizard began the quest for the
                  | Orb.
     0 | D:1      | Reached XP level 1. HP: 15/15 MP: 0/0
    64 | D:1      | Found a faded altar of an unknown god.
    74 | D:1      | Became a worshipper of Trog the Wrathful
    74 | D:1      | Reached * piety under Trog
   110 | D:1      | Fell from the grace of Trog
   489 | D:1      | Reached XP level 2. HP: 4/21 MP: 0/0
  1148 | D:1      | Slain by a jackal

Illustrated notes

Levels and vault maps discovered:
D:1:      psy_arrival_statuary, layout_basic,
          hellmonk_ecumenical_altar_crossroads, skrybe_limestone_x,
          amcnicky_mini_corridor_feature, minmay_strange_pillars

Action                   || total
-------------------------++-------
Melee: Dagger            ||    50
 Cast: Blink             ||     2
       Call Imp          ||     1
Invok: Renounce Religion ||     1
  Use: Scroll            ||     2
       Potion            ||     1
 Stab: Sleeping          ||     1
Armor: Robe              ||    27
Dodge: Dodged            ||    48

Table legend: (Time is in decaauts)
 A = Elapsed time spent in this place.
 B = Non-inter-level travel time spent in this place.
 C = Inter-level travel time spent in this place.
 D = Time resting spent in this place.
 E = Time spent auto-exploring this place.
 F = Levels seen in this place.
 G = Mean time per level.
                   A        B        C        D        E       F      G
               +--------+--------+--------+--------+--------+-----+--------+
         Total |   1146 |   1146 |      0 |    673 |      0 |   1 | 1146.0 |
       Dungeon |   1146 |   1146 |      0 |    673 |      0 |   1 | 1146.0 |
               +--------+--------+--------+--------+--------+-----+--------+

Top non-repeatable levels by time:
     D:1: 1146 daAuts
